 Dungeon Crawl Stone Soup version 0.23.2-1-ga50397a (webtiles) character file.

Game seed: 15671929201608313889

118 Kahsius the Insei (level 4, -7/37 HPs)
             Began as a Draconian Transmuter on May 3, 2019.
             Mangled by a gnoll
             ... wielding a +2 antimagic spear
              (8 damage)
             ... on level 3 of the Dungeon.
             The game lasted 00:06:39 (2546 turns).

Kahsius the Insei (Draconian Transmuter)            Turns: 2546, Time: 00:06:40

Health: -7/37      AC:  5    Str: 12    XL:     4   Next: 72%
Magic:  0/8        EV: 12    Int: 14    God:
Gold:   158        SH:  0    Dex: 12    Spells: 4/8 levels left

rFire    . . .     SeeInvis .     - Unarmed
rCold    . . .     Gourm    .   (no shield)
rNeg     . . .     Faith    .   (armour unavailable)
rPois    .         Spirit   .   (helmet restricted)
rElec    .         Reflect  .   (no cloak)
rCorr    .         Harm     .   (no gloves)
MR       .....                  (boots currently unavailable)
Stlth    +.........             (no amulet)
HPRegen  0.12/turn              (no ring)
MPRegen  0.11/turn              (no ring)

@: appendage
A: unfitting armour, talons 3, cold-blooded, AC +5
a: End Transformation


You were on level 3 of the Dungeon.
You were hungry.
You had grown temporary talons.
You visited 1 branch of the dungeon, and saw 3 of its levels.

You collected 158 gold pieces.

Inventory:

Missiles
 a - 64 arrows
Jewellery
 k - an uncursed ring of see invisible {unknown}
 o - a cursed -6 ring of slaying {unknown}
 t - an uncursed ring of protection from cold {unknown}
Scrolls
 h - a scroll of enchant armour {unknown}
 i - 5 scrolls of identify {unknown}
 j - 2 scrolls of remove curse {unknown}
 m - a scroll of teleportation {unknown}
 n - 2 scrolls of fear {unknown}
 p - a scroll of random uselessness {unknown}
 r - a scroll of amnesia {unknown}
Potions
 b - 2 potions of haste {unknown}
 d - 2 potions of curing {unknown}
 e - a potion of ambrosia {unknown}
 f - a potion of heal wounds {unknown}
 g - 2 potions of mutation {unknown}
 l - 2 potions of brilliance {unknown}
 s - a potion of degeneration {unknown}
Comestibles
 c - a ration


   Skills:
 + Level 2.3 Fighting
 + Level 2.5 Dodging
 + Level 3.5 Unarmed Combat
 + Level 2.7 Spellcasting
 + Level 2.8 Transmutations


You had 4 spell levels left.
You knew the following spells:

 Your Spells              Type           Power        Failure   Level  Hunger
a - Beastly Appendage     Tmut           #.....       7%          1    #......
b - Spider Form           Tmut/Pois      #.........   36%         3    ###....

Your spell library contained the following spells:

 Spells                   Type           Power        Failure   Level  Hunger
 Sticks to Snakes         Tmut           #.......     11%         2    ###....
 Ice Form                 Ice/Tmut       #.......     77%         4    #####..
 Blade Hands              Tmut           #.........   88%         5    ######.


Dungeon Overview and Level Annotations

Branches:
Dungeon (3/15)

Altars:


Innate Abilities, Weirdness & Mutations

Your plain brown scales are hard. (AC +5)
You cannot fit into any form of body armour.
You are cold-blooded and may be slowed by cold attacks.
You have claws for feet.


Message History

You are too injured to fight recklessly!
You are too injured to fight recklessly!
You closely miss the gnoll.
The gnoll shouts!
You claw the gnoll.
The gnoll is heavily wounded.
The gnoll hits you with a +2 antimagic spear.
* * * LOW HITPOINT WARNING * * *
You closely miss the gnoll.
The gnoll is heavily wounded.
You hit the frilled lizard.
You kill the frilled lizard!
The gnoll hits you with a +2 antimagic spear.
* * * LOW HITPOINT WARNING * * *
The gnoll barely misses you. The gnoll barely misses you.
The gnoll closely misses you.
You hit the gnoll. You claw the gnoll, but do no damage.
The gnoll is heavily wounded.
The gnoll hits you with a +2 antimagic spear!
You die...

... ....... ...
........ ....
........ .....
......... .....#
......%..
......##.........
.....gg..........
#@#........
#g.#.....#
##...#...#
##......#
##.....##
##..###.#
#####..## ..
####.....## ##
####....#####


You could see 2 gnolls and a goblin.

Vanquished Creatures
  5 adders
  An ooze (D:2)
  A worm (D:2)
  2 leopard geckos
  3 ball pythons (D:1)
  9 bats
  A giant cockroach (D:1)
  4 goblins
  9 hobgoblins
  10 jackals
  2 frilled lizards
  8 kobolds
  4 rats
59 creatures vanquished.

Notes
Turn   | Place    | Note
-------+----------+-------------------------------------------
     0 | D:1      | Kahsius the Draconian Transmuter began the quest for the
                  | Orb.
     0 | D:1      | Reached XP level 1. HP: 16/16 MP: 3/3
   222 | D:1      | Reached XP level 2. HP: 20/23 MP: 5/5
   787 | D:1      | Reached XP level 3. HP: 29/29 MP: 6/6
  1005 | D:1      | Learned a level 3 spell: Spider Form
  1504 | D:2      | Reached XP level 4. HP: 27/36 MP: 7/7
  1575 | D:2      | Found a faded altar of an unknown god.
  2544 | D:3      | HP: 1/37 [gnoll/+2 antimagic spear (6)]
  2546 | D:3      | Mangled by a gnoll

Skill      XL: |  1  2  3 |
---------------+----------+-----
Dodging        | 2 |  2.5
Fighting       | 2 |  2.3
Unarmed Combat | |  3.5
Spellcasting   | |  2.7
Transmutations | |  2.8

Action                   |  1- 3 |  4- 6 || total
-------------------------+-------+-------++-------
Melee: Unarmed           |   149 |   103 ||   252
       Tailslap          |    12 |     9 ||    21
       Punch             |     1 |     1 ||     2
       Kick              |     3 |     5 ||     8
       Headbutt          |     1 |     2 ||     3
 Cast: Beastly Appendage |     2 |     5 ||     7
  Eat: Chunk             |     2 |     3 ||     5
Armor: Skin              |    40 |    41 ||    81
Dodge: Dodged            |    99 |   100 ||   199
